Map: Ever Dream LE

Players

Excelle

  • Race: Zerg Zerg
  • League: Master
  • Spawn Location: 1:00

BerryRAWR - Winner!

  • Race: Terran Terran
  • League: Master
  • Spawn Location: 7:00

VOD

Have the link to the VOD?

Description

Time

  • Played on: April 23, 2020, 5:32 a.m.
  • Length: 35:19
Show
View Real Time Build Order
Export as new Build Order

Excelle Zerg 

Build Orders: Hatch First, Lurkers 

Get SALT Encoding   

  12  0:00  Drone  
  13  0:13  Overlord  
  13  0:17  Drone  
  14  0:32  Drone x2  
  16  0:49  Hatchery  
  15  0:52  Drone  
  15  0:56  Drone  
  17  0:59  Drone  
  18  1:06  Extractor  
  17  1:14  Spawning Pool  
  17  1:17  Drone  
  17  1:22  Drone  
  18  1:30  Drone  
  19  1:41  Overlord  
  19  2:01  Queen  
  19  2:02  Zergling x6, Queen  
  19  2:07  Metabolic Boost  
  26  2:13  Drone  
  27  2:21  Drone  
  28  2:34  Hatchery  
  27  2:46  Drone x4  
  27  2:47  Drone  
  32  2:54  Overlord  
  32  3:05  Queen  
  34  3:06  Queen  
  34  3:11  Overlord  
  36  3:16  Drone x2  
  36  3:30  Drone x6  
  42  3:47  Queen, Drone x3  
  47  3:48  Queen  
  47  3:51  Overlord  
  49  3:57  Overlord  
  49  3:59  Zergling x4  
  49  4:00  Zergling x2  
  52  4:10  Zergling x8  
  54  4:20  Roach Warren  
  53  4:32  Overlord  
  53  4:33  Drone x4  
  53  4:35  Drone x4  
  61  4:41  Lair, Drone  
  61  4:44  Drone x2, Extractor  
  63  4:48  Drone  
  63  4:50  Drone x3  
  63  4:51  Overlord  
  61  5:08  Roach  
  61  5:09  Roach  
  61  5:10  Roach x3  
  71  5:39  Drone x9  
  80  5:46  Hatchery  
  79  5:51  Hydralisk Den  
  79  5:52  Drone x3  
  79  5:53  Infestation Pit  
  79  5:55  Evolution Chamber, Extractor  
  71  6:06  Extractor  
  71  6:09  Drone  
  71  6:10  Drone x9  
  76  6:13  Extractor x2  
  73  6:27  Drone x2  
  73  6:28  Drone  
  75  6:40  Grooved Spines  
  75  6:41  Zerg Ground Armor Level 1  
  75  6:45  Hydralisk  
  77  6:52  Drone x5  
  82  6:56  Overlord x2  
  82  6:57  Hydralisk  
  82  6:58  Hydralisk x2  
  88  7:06  Overlord x5  
  88  7:11  Hive  
  88  7:15  Drone x6  
  94  7:19  Lurker Den  
  93  7:32  Hydralisk  
  93  7:33  Roach x7  
  109  7:42  Drone  
  109  7:43  Drone x6  
  116  7:55  Queen  
  116  7:56  Drone x8  
  116  7:57  Drone  
  127  8:11  Roach x6, Hydralisk, Drone  
  132  8:29  Muscular Augments  
  132  8:31  Seismic Spines  
  132  8:39  Zergling x24  
  132  8:40  Zerg Ground Armor Level 2  
  144  8:49  Overlord x4, Spore Crawler  
  144  8:50  Spore Crawler  
  137  9:01  Overlord x2  
  137  9:02  Overlord  
  131  9:06  Lurker x4  
  131  9:09  Zergling x2, Hydralisk x8  
  130  9:19  Lurker  
  131  9:24  Overlord x2  
  131  9:25  Overlord  
  130  9:37  Spine Crawler  
  114  9:52  Adaptive Talons  
  111  9:54  Zergling x30  
  126  10:10  Hatchery  
  126  10:11  Zergling x4, Hydralisk x3, Extractor  
  126  10:12  Hatchery, Extractor  
  126  10:28  Zergling x2, Hydralisk x6  
  107  10:38  Lurker x4  
  107  10:40  Zergling x6  
  112  10:49  Hydralisk x5  
  109  10:50  Zergling x2, Queen  
  109  10:55  Zergling x2  
  112  11:19  Zergling x22  
  112  11:21  Adrenal Glands  
  112  11:22  Zerg Melee Weapons Level 1  
  123  11:27  Evolution Chamber  
  122  11:36  Zergling x2  
  122  11:37  Zergling x8  
  126  11:47  Hydralisk x4  
  126  11:48  Zergling x2  
  126  11:49  Zergling x6  
  126  11:51  Lurker x5  
  142  12:01  Hydralisk  
  142  12:02  Hydralisk x3  
  142  12:06  Overlord x2  
  150  12:10  Drone x3  
  150  12:11  Queen  
  155  12:18  Unknown  
  131  12:31  Zergling x2, Hydralisk x9  
  129  12:49  Hydralisk x7  
  129  12:50  Zergling x2  
  137  12:57  Zergling x14  
  131  13:10  Zergling x20  
  131  13:14  Lurker x4  
  131  13:16  Zergling x10  
  131  13:18  Queen  
  142  13:30  Zergling x4  
  142  13:31  Zergling x4  
  146  13:34  Zerg Melee Weapons Level 2  
  146  13:35  Zerg Missile Weapons Level 1  
  146  13:37  Lurker x2  
  148  13:46  Hatchery  
  138  13:54  Queen  
  138  13:55  Zergling x30  
  152  14:04  Overseer  
  152  14:05  Overseer  
  149  14:13  Zergling x22  
  143  14:25  Lurker x4  
  147  14:38  Drone x7  
  154  14:42  Hatchery, Drone x5  
  154  14:43  Drone  
  154  14:44  Drone  
  148  14:59  Zergling x14  
  136  15:04  Zergling x2, Hydralisk x3  
  133  15:09  Hydralisk x2  
  133  15:10  Zergling x6  
  140  15:27  Extractor x2  
  129  15:37  Hydralisk x9  
  147  15:43  Lurker x3  
  147  15:45  Zerg Missile Weapons Level 2  
  150  16:21  Lurker x9  
  157  16:27  Spire  
  141  16:46  Zergling x28  
  141  16:47  Zergling x46  
  157  16:58  Hydralisk x5  
  157  16:59  Zergling x2, Hydralisk  
  167  17:09  Hydralisk  
  167  17:10  Zergling x2, Hydralisk x3  
  145  17:30  Pneumatized Carapace  
  145  17:31  Overseer x2  
  145  17:32  Spore Crawler x2  
  143  17:40  Zergling x2, Hydralisk x6  
  156  17:44  Extractor  
  156  17:45  Drone x2  
  146  18:01  Swarm Host, Hydralisk  
  146  18:02  Zergling x4, Hydralisk, Drone  
  146  18:03  Zergling x2  
  148  18:11  Lurker x5  
  114  18:29  Zergling x4  
  113  18:40  Hydralisk, Lurker  
  113  18:41  Hydralisk x4, Lurker  
  114  18:47  Drone  
  114  18:48  Drone x3  
  123  18:57  Drone  
  123  18:58  Drone x4  
  128  19:21  Spine Crawler  
  127  19:24  Hydralisk x2  
  127  19:25  Hydralisk x4  
  127  19:27  Lurker x2  
  127  19:29  Lurker  
  127  19:30  Lurker  
  143  19:42  Hydralisk x5  
  143  19:43  Zergling x2  
  138  20:01  Hydralisk x8  
  138  20:02  Zergling x2  
  150  20:11  Zergling x2, Hydralisk x4  
  138  20:25  Hydralisk x5  
  138  20:26  Zergling x2, Hydralisk  
  135  20:38  Lurker x8  
  135  20:41  Zergling x10  
  143  20:54  Hatchery  
  140  21:17  Zergling x2, Hydralisk x12  
  135  21:55  Lurker x12  
  135  21:56  Zergling x22  
  153  22:09  Queen  
  150  22:44  Queen  
  141  22:52  Hatchery  
  141  22:55  Hatchery  
  129  23:02  Zergling x26  
  129  23:14  Zergling x14  
  133  23:29  Hatchery  
  133  23:30  Zergling x10  
  133  23:43  Drone x3  
  105  24:03  Hydralisk x3  
  105  24:04  Zergling x4  
  105  24:05  Zergling x2  
  109  24:21  Zergling x2  
  105  24:43  Hatchery  
  102  25:04  Zergling x6  
  86  25:14  Zergling x10  
  87  25:18  Queen  
  93  25:23  Zergling x8  
  93  25:26  Extractor  
  93  25:28  Zergling x12, Extractor  
  94  25:32  Extractor  
  97  25:37  Extractor  
  97  25:40  Zergling x8  
  98  25:46  Hydralisk  
  97  26:01  Drone x2  
  97  26:03  Drone x14  
  112  26:18  Zergling x22  
  122  26:26  Hydralisk  
  122  26:27  Hydralisk, Lurker  
  127  26:39  Extractor  
  126  26:40  Extractor  
  126  26:45  Overseer  
  126  26:46  Overseer  
  121  26:55  Hatchery, Hydralisk x2  
  123  27:06  Hydralisk  
  123  27:07  Zergling x2  
  123  27:08  Zergling x14, Hydralisk  
  133  27:09  Zergling x2  
  125  27:29  Drone x3  
  128  27:40  Zerg Melee Weapons Level 3  
  128  27:42  Zergling x2  
  128  27:43  Zergling x30  
  144  28:05  Hydralisk x7  
  123  28:21  Zergling x2, Hydralisk x4  
  125  28:30  Lurker  
  125  28:31  Lurker  
  127  28:40  Lurker  
  128  28:47  Hydralisk  
  128  28:48  Zergling x2, Hydralisk  
  121  28:58  Hydralisk  
  121  28:59  Zergling x4, Hydralisk  
  121  29:00  Zergling x6  
  125  29:04  Zergling x10  
  125  29:05  Zergling x10  
  120  29:25  Zergling x2, Hydralisk x4  
  120  29:26  Zergling x2  
  111  29:37  Zergling x8  
  111  29:38  Zergling x2  
  106  29:51  Lurker x4  
  108  30:11  Lurker x2  
  86  30:23  Drone x2  
  86  30:24  Drone x9  
  89  30:52  Zergling x2, Hydralisk x3  
  66  31:26  Lurker  
  30  31:48  Queen  
  32  32:02  Drone x3  
  32  32:07  Drone  
  36  32:11  Drone x4  
  36  32:12  Drone x2  
  42  32:17  Zergling x8  
  42  32:20  Lurker x2  
  48  32:38  Zergling x2, Hydralisk  
  48  32:39  Zergling x4  
  40  33:28  Hydralisk x7  
  40  33:29  Zergling x4  
  55  33:36  Lurker  
  56  34:00  Hatchery  
  56  34:02  Lurker x3  
  40  34:39  Drone  
  40  34:40  Drone x3  
Show
View Real Time Build Order
Export as new Build Order

BerryRAWR Terran - Winner!

Build Orders: Liberator Opening, Reaper Expand 

Get SALT Encoding   

  12  0:01  SCV  
  13  0:13  SCV  
  14  0:17  Supply Depot  
  14  0:29  SCV  
  15  0:39  Refinery  
  15  0:42  SCV  
  16  0:45  Barracks  
  16  0:54  SCV  
  17  1:06  SCV  
  18  1:19  SCV  
  19  1:40  Reaper, Orbital Command  
  19  1:43  Command Center  
  20  1:59  Factory  
  20  2:07  SCV  
  21  2:18  Barracks Reactor  
  21  2:19  SCV  
  22  2:23  Supply Depot  
  22  2:24  Refinery  
  22  2:31  SCV  
  23  2:46  SCV  
  24  2:52  Starport  
  26  2:58  Hellion  
  26  2:59  Hellion  
  26  3:03  Marine  
  29  3:05  SCV  
  29  3:10  Orbital Command  
  30  3:18  SCV  
  31  3:26  Hellion x2  
  34  3:30  SCV  
  35  3:35  SCV  
  36  3:42  SCV  
  36  3:47  SCV, Supply Depot  
  38  3:51  Hellion x2  
  38  3:54  SCV  
  43  3:58  Liberator  
  46  4:08  SCV  
  46  4:09  SCV  
  47  4:16  Supply Depot  
  47  4:20  SCV, Barracks Tech Lab  
  47  4:21  SCV  
  49  4:28  Factory Tech Lab  
  49  4:32  SCV  
  49  4:33  SCV  
  49  4:35  Command Center  
  49  4:37  Marine  
  52  4:38  Stimpack  
  52  4:39  Supply Depot  
  52  4:44  SCV, Liberator  
  52  4:45  SCV  
  57  4:55  Marine  
  57  4:56  SCV  
  57  4:57  SCV  
  58  5:10  Siege Tank  
  58  5:12  SCV  
  58  5:13  Marine  
  63  5:15  Engineering Bay x2, Barracks x2  
  63  5:18  SCV  
  64  5:27  SCV  
  64  5:28  Starport Reactor  
  63  5:31  Marine  
  63  5:34  SCV  
  65  5:37  Refinery x2  
  65  5:42  Barracks, Terran Infantry Armor Level 1  
  65  5:44  Barracks  
  65  5:45  Terran Infantry Weapons Level 1  
  65  5:49  Marine  
  61  5:51  Siege Tank  
  64  5:57  Orbital Command  
  64  5:58  SCV  
  62  6:05  Marine  
  62  6:06  SCV, Marine  
  62  6:08  Marine  
  62  6:09  Barracks Reactor  
  66  6:15  SCV, Medivac  
  66  6:17  Medivac  
  71  6:21  Supply Depot  
  71  6:22  SCV  
  71  6:23  Supply Depot, Marine  
  71  6:24  Marine  
  74  6:26  Orbital Command  
  74  6:27  SCV  
  74  6:28  Marine  
  74  6:32  Barracks Reactor, Armory  
  76  6:34  SCV  
  76  6:39  Barracks Reactor, SCV  
  75  6:41  Marine  
  75  6:42  Marine  
  75  6:46  SCV, Marine  
  78  6:47  Marine x2  
  78  6:51  SCV  
  78  6:52  SCV  
  83  6:59  SCV, Marine  
  83  7:00  Bunker, Marine  
  86  7:03  SCV  
  86  7:04  SCV, Marine  
  89  7:11  SCV  
  89  7:12  Hellion  
  89  7:15  SCV  
  91  7:16  SCV, Combat Shield, Siege Tank  
  91  7:17  Marine x2  
  97  7:23  SCV, Supply Depot  
  97  7:27  SCV, Supply Depot  
  97  7:28  Marine x2  
  101  7:45  SCV x3, Marine x5  
  101  7:47  Terran Infantry Armor Level 2, Terran Infantry Weapons Level 2  
  101  7:48  Marine x3  
  101  7:49  Medivac x2  
  101  7:50  Marine  
  117  7:57  Supply Depot  
  117  8:03  Command Center  
  117  8:06  Supply Depot x3  
  117  8:18  Marine x5  
  117  8:19  SCV x3, Marine x2  
  125  8:22  Factory, Siege Tank  
  124  8:28  Marine  
  124  8:31  SCV x3  
  124  8:33  Marine  
  128  8:37  Marauder, Refinery x2  
  128  8:39  Supply Depot  
  130  8:42  Terran Vehicle Weapons Level 1  
  130  8:43  SCV x3, Supply Depot  
  130  8:45  Concussive Shells, Supply Depot  
  130  8:47  Marine  
  134  8:49  Engineering Bay  
  134  8:54  Widow Mine  
  134  8:55  SCV x2  
  136  8:59  Medivac x2, Marauder  
  138  9:10  Marine  
  138  9:13  Marine  
  138  9:14  Marine  
  138  9:16  Widow Mine, Marine  
  139  9:17  Marine  
  139  9:18  Marine x3  
  139  9:19  SCV, Marine  
  139  9:21  Factory Tech Lab  
  145  9:27  Ghost Academy  
  145  9:28  Barracks x2  
  145  9:29  Barracks  
  140  9:32  Marine  
  140  9:37  Siege Tank  
  140  9:38  Marauder  
  140  9:40  Marine  
  135  9:49  SCV x3  
  132  9:57  Command Center, Marine x5  
  132  9:58  Siege Tank  
  132  9:59  Medivac x2, Marauder  
  144  10:05  Marine  
  144  10:06  SCV  
  146  10:08  SCV x2  
  146  10:09  Siege Tank  
  146  10:14  Marine  
  151  10:18  Sensor Tower  
  151  10:21  Marauder  
  136  10:30  Siege Tank  
  136  10:32  Marine x2  
  140  10:38  Reaper, Marine  
  140  10:39  Marine x4, Barracks Tech Lab  
  140  10:40  Barracks Tech Lab x2  
  140  10:41  Widow Mine  
  140  10:42  SCV, Marauder  
  151  10:45  Planetary Fortress  
  151  10:50  Marine  
  151  10:52  Marine  
  151  10:53  SCV x2  
  151  10:56  Marine  
  156  10:57  Marine  
  156  11:02  Siege Tank  
  156  11:03  Marauder  
  156  11:04  Marauder, Marine x4  
  164  11:05  Marauder  
  164  11:08  Marine  
  164  11:09  Marine  
  172  11:14  Marine x2  
  171  11:19  Marine  
  171  11:22  Marauder, Marine  
  171  11:23  Medivac x2, Siege Tank  
  171  11:25  Marauder  
  178  11:26  Command Center  
  178  11:29  Terran Infantry Weapons Level 3, Terran Infantry Armor Level 3  
  178  11:32  Marine  
  179  11:35  Marine x3  
  178  11:41  Refinery x2  
  178  11:45  Marine x3  
  178  11:46  Marauder  
  178  11:47  Marine x2  
  178  11:48  Marauder, Marine  
  178  11:53  Medivac x2  
  187  11:58  SCV x2  
  187  11:59  Terran Vehicle Weapons Level 2, Siege Tank  
  186  12:09  Marine x5  
  186  12:10  Marine  
  196  12:17  Command Center  
  196  12:18  SCV  
  196  12:22  Ghost Academy  
  197  12:23  Ghost Academy  
  197  12:29  Marine x4  
  173  12:30  Marauder, Marine  
  171  12:41  Marine  
  151  12:44  Unknown x3  
  151  12:45  Marauder x3, Siege Tank  
  157  12:52  Siege Tank  
  147  13:14  Planetary Fortress  
  147  13:19  Command Center  
  147  13:21  Personal Cloaking  
  147  13:22  Nuke  
  147  13:23  Marauder, Marine x4  
  147  13:24  Marauder x3, Marine x4  
  147  13:25  SCV  
  147  13:26  SCV x2  
  166  13:27  Siege Tank x2  
  166  13:32  SCV  
  173  13:38  SCV  
  174  13:41  Sensor Tower  
  174  13:46  Sensor Tower  
  174  13:47  Nuke  
  174  13:53  Marauder x3, Marine x5  
  174  13:54  Marine x2  
  174  13:55  Marauder  
  176  14:04  Marine  
  176  14:06  Siege Tank  
  176  14:10  Marine x2  
  176  14:11  Marine x2  
  176  14:14  Marauder, Marine  
  176  14:15  Marauder  
  170  14:20  Missile Turret  
  168  14:25  Fusion Core  
  168  14:26  Terran Vehicle Weapons Level 3, Starport  
  168  14:27  Marauder, Marine x2  
  168  14:29  Starport Tech Lab  
  172  14:33  Command Center  
  172  14:34  Marine x2  
  172  14:35  Marauder  
  172  14:36  Marauder, Siege Tank  
  172  14:38  Marauder, Marine, Siege Tank  
  187  14:45  Enhanced Shockwaves  
  187  14:47  Nuke  
  187  14:52  Raven  
  169  15:02  Missile Turret  
  169  15:05  Planetary Fortress, Marine  
  156  15:13  Marine x2  
  156  15:14  Marine x4  
  158  15:15  Siege Tank  
  158  15:20  Marine  
  158  15:21  Marine  
  169  15:25  Marine  
  169  15:26  Unknown, Missile Turret  
  169  15:28  Sensor Tower  
  170  15:35  SCV x3  
  171  15:36  SCV  
  171  15:37  Marine x5  
  171  15:39  Marauder  
  171  15:40  Marine x2  
  181  15:43  Marine  
  181  15:47  Unknown x3, Marauder x3  
  181  15:49  Siege Tank  
  191  15:53  Planetary Fortress  
  191  15:55  Marine x2  
  191  15:56  Missile Turret x2  
  193  16:00  Marauder  
  195  16:06  Planetary Fortress  
  199  16:16  Missile Turret, Neosteel Armor  
  199  16:17  Hi-Sec Auto Tracking  
  199  16:21  Marine  
  197  16:37  Unknown x2  
  197  16:38  Command Center  
  197  16:39  Command Center  
  198  16:54  Command Center, Marine, Siege Tank  
  197  17:04  Siege Tank  
  200  17:15  Refinery, Command Center, Unknown x3  
  198  17:16  Refinery  
  198  17:17  Missile Turret  
  198  17:18  Missile Turret  
  198  17:22  Marauder, Marine x4  
  190  17:27  Nuke x3  
  190  17:29  Marine  
  193  17:30  Marauder  
  191  17:38  Medivac x2  
  195  17:48  Marauder x2, Marine  
  200  17:57  Planetary Fortress  
  192  17:58  Orbital Command  
  192  18:04  Command Center  
  195  18:05  Siege Tank x2  
  185  18:25  Marine  
  181  18:37  Marine  
  181  18:38  Siege Tank  
  169  18:43  Marine  
  164  18:48  Siege Tank  
  164  18:50  Missile Turret, Marine  
  164  18:52  Missile Turret  
  164  18:53  Unknown x4, Missile Turret  
  164  18:54  Marauder  
  175  19:04  Missile Turret  
  175  19:05  Planetary Fortress  
  175  19:08  Marine  
  176  19:10  Siege Tank  
  176  19:15  Marauder  
  181  19:22  Unknown x3, Marauder x3  
  185  19:30  Marine x3  
  188  19:31  Orbital Command  
  188  19:37  Marauder  
  190  19:43  Marauder  
  190  19:44  Marauder x2  
  168  20:01  Siege Tank  
  168  20:02  Marauder, Marine x7  
  168  20:03  Marine  
  168  20:05  Marauder x3  
  166  20:20  Marine  
  165  20:24  Marauder  
  165  20:25  Marine x2  
  165  20:26  Marauder x3  
  151  20:41  Marine x3  
  152  20:45  Marauder  
  152  20:46  SCV x2  
  152  20:48  Marauder x2  
  160  20:52  SCV  
  157  21:18  Marauder x2, Marine x4  
  153  21:20  Marine  
  153  21:24  Marine  
  153  21:25  Marauder  
  159  21:32  Marine x2  
  159  21:33  Marauder  
  149  22:03  Unknown  
  149  22:13  Siege Tank  
  139  22:40  Siege Tank  
  139  23:00  Missile Turret  
  137  23:09  Siege Tank  
  134  23:13  Marauder x3, Marine x5  
  134  23:14  Marine  
  134  23:15  Siege Tank  
  149  23:35  Nuke  
  149  23:36  Nuke x2  
  106  24:07  Marauder, Marine x3  
  106  24:08  Marauder  
  101  24:10  Orbital Command  
  102  24:31  Marauder x2  
  102  24:35  SCV  
  103  25:06  Siege Tank  
  100  25:08  Siege Tank  
  100  25:11  Marine  
  104  25:22  SCV  
  105  25:35  Medivac x2  
  105  25:38  Siege Tank  
  110  25:47  SCV x5  
  110  25:48  SCV  
  116  25:51  Marine  
  117  26:02  SCV x3  
  107  27:07  Marine  
  107  27:08  Marauder x2  
  105  27:22  SCV x2  
  105  27:23  SCV x2  
  109  27:30  Marauder x2, Marine  
  109  27:33  Marauder, Marine x7  
  109  27:34  Marauder  
  123  27:40  Medivac x2, Siege Tank  
  123  27:41  Siege Tank  
  123  27:43  Raven  
  135  27:46  SCV  
  135  27:47  Marine  
  135  27:50  Marine  
  140  27:51  Marauder x2  
  140  27:54  Marauder, Command Center, Marine x3  
  140  27:55  Marauder  
  140  27:57  Refinery x2  
  149  28:12  Siege Tank  
  142  28:13  Siege Tank  
  114  28:20  Marauder, Marine  
  114  28:23  Marine x3  
  114  28:24  Marauder  
  120  28:27  Orbital Command  
  120  28:28  Marine  
  121  28:44  Siege Tank  
  121  28:45  Siege Tank  
  122  29:02  Marauder, Marine x2  
  128  29:03  Marauder  
  128  29:16  Siege Tank  
  131  29:17  Siege Tank  
  133  29:24  Marauder  
  113  29:34  SCV x3  
  113  29:35  SCV  
  114  29:49  Siege Tank  
  117  29:55  SCV x3  
  117  29:59  Missile Turret  
  120  30:01  Marine  
  110  30:34  Siege Tank  
  107  30:49  Marauder, Marine x4  
  113  31:03  Marauder  
  103  31:25  Marine x2  
  103  31:26  Marauder  
  103  31:30  Marauder x2  
  109  31:34  Marine  
  109  31:35  Marine  
  98  31:57  Marine x5  
  101  32:09  Marine x3  
  101  32:11  Marine  
  105  32:40  SCV x2  
  107  32:45  Refinery  
  107  32:47  Planetary Fortress  
  107  33:01  Missile Turret  
  107  33:02  SCV  
  107  33:03  SCV x2, Refinery  
  107  33:05  Refinery  
  93  33:37  Missile Turret  
  93  33:38  Siege Tank x2  
  99  33:48  Marine x2  
  99  33:49  Marauder, Marine x4  
  99  33:50  Marine x2  
  109  33:57  SCV  
  109  33:58  SCV  
  109  34:00  SCV x4  
  109  34:01  Command Center  
  115  34:10  Marine x5  
  112  34:30  Marauder x2, Marine x3  
  107  34:37  Siege Tank  
  110  34:42  Marine  
  110  34:44  Marine x2  
  113  34:57  Marine x4  
  113  34:58  Marine  
Tags
 
Add a new tag
Caveats
  • Supply blocks, unpowered buildings, or Contaminate may cause inaccurate times.
  • Supply counts are checked every 10 seconds.